[Event "Late-Titled-Tuesday-Blitz-February-20-2024"]
[Site "Chess.com"]
[Date "2024.02.20"]
[Round "11"]
[White "krzyzan94"]
[Black "Elsa167"]
[Result "1-0"]
[WhiteElo "2790"]
[BlackElo "2882"]
[TimeControl "180+1"]
[EndTime "16:04:59 PST"]
[Termination "krzyzan94 won on time"]

1. c4 f5 2. Nc3 g6 3. g3 Bg7 4.
Bg2 Nf6 5. d3 O-O 6. Nf3 d6 7.
O-O e5 8. Rb1 Nc6 9. b4 h6 10.
b5 Ne7 11. a4 Rb8 12. a5 b6 13. axb6 axb6 14. Ba3 g5 15. d4 e4 16. Ne1 Ng6 17. c5 dxc5 18. dxc5 Qxd1 19. Rxd1 Re8 20. Nc2 Be6 21.
Nd4 Bd7 22. cxb6 cxb6 23. e3 Ra8 24. Bb4 Ne5 25. Bd6 Nc4 26. Bb4 Nb2 27. Ra1 Nd3 28. Bd6 Ng4 29. Rxa8 Rxa8 30. Nxe4 fxe4 31. Bxe4 Bxd4 32.
exd4 Ra4 33. Bxd3 Rxd4 34. Rd1 Bxb5 35. Bh7+ Kxh7 36. Rxd4 Nf6 37. Rb4 Bd3 38. Rxb6 Ne4 39. Bf8 h5 40. f3 Nd2 41. Kf2 Bg6 42. Rb7+ Kh8 43. Bg7+ Kg8 44. Bc3 1-0

[Event "Late-Titled-Tuesday-Blitz-February-20-2024"]
[Site "Chess.com"]
[Date "2024.02.20"]
[Round "11"]
[White "RantomOpening"]
[Black "Abund"]
[Result "1-0"]
[WhiteElo "2596"]
[BlackElo "2759"]
[TimeControl "180+1"]
[EndTime "16:04:59 PST"]
[Termination "RantomOpening won by resignation"]

1. c4 Nf6 2. Nf3 g6 3. Nc3 d5 4. cxd5 Nxd5 5. e3 Bg7 6. Bc4 Nxc3 7. bxc3 O-O 8. O-O c5 9. d4 Qc7 10. Qe2 Nc6 11. h3 b6 12. Ba6 e6 13. Ba3 Rd8 14.
dxc5 Na5 15. Bxc8 Raxc8 16. cxb6 axb6 17. Bb4 Nc4 18. Nd4 e5 19. Nb3 Qc6 20. Rfd1 Re8 21. Qf3 e4 22. Qg4 Ne5 23. Qe2 Nd3 24. Rxd3 exd3 25. Qxd3 Red8 26. Nd4 Qd5 27. a4 Ra8 28. Kf1 Rd7 29. Qb5 Qb7 30. a5 Rd5 31. Qc6 Qxc6 32. Nxc6 bxa5 33. Ne7+ Kh8 34. Nxd5 a4 35. Nb6 Rd8 36.
Nc4 Rc8 37. Nd2 Bxc3 38. Rc1 Bxb4 39. Rxc8+ Kg7 40. Nb1 a3 41. Ra8 a2 42. Rxa2 1-0

[Event "Late-Titled-Tuesday-Blitz-February-20-2024"]
[Site "Chess.com"]
[Date "2024.02.20"]
[Round "11"]
[White "Bryanl106"]
[Black "TigrVShlyape"]
[Result "0-1"]
[WhiteElo "2552"]
[BlackElo "2899"]
[TimeControl "180+1"]
[EndTime "16:05:00 PST"]
[Termination "TigrVShlyape won by checkmate"]

1. e4 e5 2. Nf3 Nc6 3. Nc3 Nf6 4. a3 d6 5. d4 Bg4 6. Bb5 exd4 7. Qxd4 Bxf3 8. gxf3 Be7 9. Rg1 O-O 10. Bxc6 bxc6 11. Bh6 g6 12. Bxf8 Bxf8 13. O-O-O Bg7 14. Qd3 Rb8 15. e5 Nd5 16. Nxd5 cxd5 17. Qxd5 Bxe5 18. b3 Qh4 19. Rg4 Qxf2 20. h4 Qe3+ 21. Qd2 Qxf3 22. Ra4 h5 23. Qd3 Qf2 24. Qd2 Qc5 25. Qd3 a5 26. Rf1 Rf8 27. Kb1 Kg7 28. Ka2 d5 29. Re1 Bf6 30. Rf1 Re8 31. Raf4 Re6 32. Qd2 c6 33.
Qd3 Qd6 34. Qd2 Qe5 35. c3 Qd6 36. R1f2 Qe7 37. Kb2 Kg8 38. Ka2 Qd6 39. Kb2 Be7 40. Rxf7 Qxa3+ 41. Kc2 Qa2+ 42. Kd3 Qb1+ 43. Kd4 Qe4# 0-1

[Event "Late-Titled-Tuesday-Blitz-February-20-2024"]
[Site "Chess.com"]
[Date "2024.02.20"]
[Round "11"]
[White "PacingRope"]
[Black "dedpihto_v_kozhanom_palto"]
[Result "1-0"]
[WhiteElo "2918"]
[BlackElo "2710"]
[TimeControl "180+1"]
[EndTime "16:05:02 PST"]
[Termination "PacingRope won on time"]

1. e4 g6 2. d4 Bg7 3. Nc3 d6 4. Be3 Nc6 5. f3 e5 6. d5 Nce7 7. Qd2 f5 8. O-O-O Nf6 9. Nge2 O-O 10. h4 b5 11. exf5 Nxf5 12. g4 b4 13. Ne4 Nxe4 14.
fxe4 Nxe3 15. Qxe3 Bxg4 16. Bh3 Qxh4 17. Kb1 Rf3 18.
Qxf3 Bxf3 19. Be6+ Kh8 20. Rxh4 Bxe2 21. Rdh1 Bh5 22.
Rxh5 gxh5 23. Rxh5 a5 24. Bf5 h6 25. c3 bxc3 26.
bxc3 Rg8 27. Kc2 Bf8 28. Rh2 Rg3 29. Kb3 Kg7 30. Rc2 Be7 31. Ka4 h5 32. Kxa5 Bg5 33.
Kb5 Be3 34. a4 Bc5 35. a5 Rg1 36. Ra2 Rc1 37. c4 1-0

[Event "Late-Titled-Tuesday-Blitz-February-20-2024"]
[Site "Chess.com"]
[Date "2024.02.20"]
[Round "11"]
[White "ahkashefi2800"]
[Black "JoakimVonAnd"]
[Result "0-1"]
[WhiteElo "2568"]
[BlackElo "2701"]
[TimeControl "180+1"]
[EndTime "16:05:06 PST"]
[Termination "JoakimVonAnd won on time"]

1. e4 c6 2. d4 d5 3. exd5 cxd5 4. c4 Nf6 5. Nc3 g6 6. Bg5 Bg7 7. h4 Nc6 8. h5 Nxh5 9. cxd5 Nxd4 10. g4 Bxg4 11. Qxg4 Nc2+ 12. Kd2 Nxa1 13. Bb5+ Kf8 14.
Nge2 a6 15. Bd3 Nf6 16. Bxf6 Bxf6 17. Rxa1 b5 18. a3 h5 19. Qf3 Kg7 20. Rg1 h4 21. Nf4 Qd6 22. Ne4 Qe5 23. Nxf6 Qxb2+ 24. Bc2 Qxf6 25.
Ne6+ Kg8 26. Qxf6 exf6 27. Nc7 Rd8 28. Be4 f5 29. Bxf5 h3 30. Rh1 gxf5 31. Ke3 Kg7 32. Nxa6 Rxd5 33. Nb4 Re5+ 34. Kf4 Re2 35. f3 h2 36. Nd5 Rg2 37. Ne3 Rg1 38. Nxf5+ Kg8 39. Ng3 Rh3 40. Nf5 Rxh1 0-1

[Event "Late-Titled-Tuesday-Blitz-February-20-2024"]
[Site "Chess.com"]
[Date "2024.02.20"]
[Round "11"]
[White "WilsonPalencia21"]
[Black "only_strong_moves"]
[Result "0-1"]
[WhiteElo "2555"]
[BlackElo "2688"]
[TimeControl "180+1"]
[EndTime "16:05:07 PST"]
[Termination "only_strong_moves won on time"]

1. d4 Nf6 2. c4 e6 3. Nf3 d5 4. Nc3 c5 5. cxd5 cxd4 6. Qa4+ Bd7 7. Qxd4 exd5 8. Bg5 Nc6 9. Bxf6 Nxd4 10. Bxd8 Nc2+ 11.
Kd1 Nxa1 12. Bg5 Bb4 13. Nxd5 Ba5 14. Bd2 O-O-O 15. Bxa5 Ba4+ 16. b3 Rxd5+ 17. Bd2 Bxb3+ 18. axb3 Nxb3 19. Kc2 Nxd2 20. Nxd2 Rhd8 21. Nb3 a5 22. e4 Rd1 23. g3 a4 24. Nc5 Kc7 25. Bg2 R8d2+ 26. Kc3 Rxh1 27. Bxh1 Rxf2 28. Nxa4 Rxh2 29. Bf3 Rh3 30. Kd4 Rxg3 31. Be2 Rg2 32. Ke3 Rg6 33. Nc3 Kc6 34. Kd4 Rd6+ 35. Kc4 f6 36. Bf3 Kb6 37. Nd5+ Ka5 38. Kc5 Rc6+ 39. Kd4 b5 40. Be2 b4 41.
Bc4 h5 42. Bb3 h4 43. Ke3 g5 44. Kf3 Rc1 45. Kg4 Rg1+ 46. Kf5 h3 0-1

[Event "Late-Titled-Tuesday-Blitz-February-20-2024"]
[Site "Chess.com"]
[Date "2024.02.20"]
[Round "11"]
[White "howitzer14"]
[Black "rcmz"]
[Result "1-0"]
[WhiteElo "2985"]
[BlackElo "2200"]
[TimeControl "180+1"]
[EndTime "16:05:11 PST"]
[Termination "howitzer14 won on time"]

1. d4 d6 2. Bf4 Nd7 3. Nf3 h6 4. h3 g5 5. Bh2 Bg7 6. c3 Ngf6 7. Nbd2 Nf8 8. e4 Ng6 9. Qc2 c6 10. Bd3 Nf4 11. Bxf4 gxf4 12. O-O Qa5 13. e5 dxe5 14. Nxe5 Be6 15. Rfe1 Nd7 16. Nb3 Qc7 17. Nxd7 Bxd7 18. Nc5 Bc8 19. a4 b6 20. Ne4 Be6 21. a5 Rd8 22. axb6 axb6 23. Qe2 Kf8 24. Nd2 b5 25. Be4 Bf6 26. Ra6 Rd6 27. Qf3 Bd7 28. Nb3 Re6 29. Nc5 Rxe4 30. Nxd7+ Qxd7 31. Qxe4 Kg7 32. Qxc6 Qf5 33. Qe4 Qg5 34. Ra8 Rxa8 35. Qxa8 e6 36.
Qf3 Qd5 37. Qxd5 exd5 38. Re8 b4 39. Kf1 bxc3 40. bxc3 1-0

[Event "Late-Titled-Tuesday-Blitz-February-20-2024"]
[Site "Chess.com"]
[Date "2024.02.20"]
[Round "11"]
[White "janhelmer03"]
[Black "ImportedItalianMaple"]
[Result "0-1"]
[WhiteElo "2290"]
[BlackElo "2493"]
[TimeControl "180+1"]
[EndTime "16:05:13 PST"]
[Termination "ImportedItalianMaple won by resignation"]

1. d4 g6 2. c4 Bg7 3. Nf3 d6 4. g3 Nc6 5. Bg2 e5 6. dxe5 Nxe5 7. O-O Ne7 8. Nxe5 Bxe5 9. Qc2 O-O 10. Nc3 Nc6 11.
Bh6 Re8 12. Rad1 Nd4 13. Qd3 Bf5 14. e4 Bd7 15. Be3 c5 16. f4 Bg7 17. h3 Bc6 18.
Nd5 Bxd5 19. exd5 Qb6 20. b3 a5 21. Kh2 a4 22. Bxd4 Bxd4 23. f5 axb3 24. fxg6 hxg6 25. axb3 Ra2 26. Rde1 Qd8 27. Qf3 f6 28. Re6 Rxe6 29. dxe6 Qe7 30. Re1 Kg7 31. Kh1 Ra7 32. h4 Be5 33.
Bh3 b5 34. h5 Qb7 35. Bg2 Qxf3 36. Bxf3 gxh5 37. Bxh5 bxc4 38. bxc4 f5 39. g4 Kf6 40.
gxf5 Rh7 41. Kg2 Rxh5 42. Kf3 Rxf5+ 43. Ke4 Rf4+ 44. Kd5 Rd4+ 45. Kc6 Kxe6 46. Kb5 Rd3 47. Rh1 Kf5 48. Rf1+ Ke4 49. Rf8 Rb3+ 50. Kc6 Kd4 51. Ra8 Kxc4 52. Ra4+ Rb4 0-1

[Event "Late-Titled-Tuesday-Blitz-February-20-2024"]
[Site "Chess.com"]
[Date "2024.02.20"]
[Round "11"]
[White "laziestwin"]
[Black "maxip32"]
[Result "0-1"]
[WhiteElo "2552"]
[BlackElo "2656"]
[TimeControl "180+1"]
[EndTime "16:05:17 PST"]
[Termination "maxip32 won on time"]

1. d4 Nf6 2. c4 e6 3. a3 d5 4. e3 c6 5. Nf3 Nbd7 6. Nbd2 Bd6 7. Bd3 O-O 8. O-O Qe7 9. e4 dxe4 10. Nxe4 Nxe4 11. Bxe4 Nf6 12. Bc2 c5 13. dxc5 Bxc5 14. b4 Bd6 15. c5 Bc7 16. Bb2 Rd8 17. Qe2 b6 18. c6 a6 19. Rad1 Rd6 20.
Be5 Rxc6 21. Bxf6 Qxf6 22. Bxh7+ Kf8 23. Be4 Bb7 24. Bxc6 Bxc6 25. Qc4 Bxf3 26. Qxc7 Bxd1 27. Rxd1 b5 28. g3 Kg8 29. h4 Qf3 30. Rd7 Rf8 31. Qa5 Qc6 32. Rc7 Qd6 33. Rc1 Rd8 34. Qc7 Qd3 35.
Rc3 Qb1+ 36. Kh2 Rd1 37. Qb7 Rf1 38. Rc8+ Kh7 39. Qg2 Qe1 40. Rc2 Qd1 41. Kh3 g6 42.
Kh2 Re1 0-1

[Event "Late-Titled-Tuesday-Blitz-February-20-2024"]
[Site "Chess.com"]
[Date "2024.02.20"]
[Round "11"]
[White "dropstoneDP"]
[Black "DarkAlekhine"]
[Result "1/2-1/2"]
[WhiteElo "3003"]
[BlackElo "2857"]
[TimeControl "180+1"]
[EndTime "16:05:18 PST"]
[Termination "Game drawn - insufficient material"]

1. e4 Nf6 2. e5 Nd5 3. d4 d6 4. Nf3 g6 5. c4 Nb6 6. exd6 cxd6 7. h3 Bg7 8. Be2 O-O 9. O-O Nc6 10. d5 Ne5 11. Nxe5 Bxe5 12. Nd2 Bf5 13. Nf3 Bg7 14. Nd4 Bd7 15. Be3 Na4 16. Qd2 a5 17. Rfe1 Nc5 18. Bh6 Qb6 19. Bxg7 Kxg7 20. Bf1 Rfe8 21. Re3 Qb4 22. Qc2 e5 23. dxe6 Nxe6 24. Nxe6+ Rxe6 25. a3 Qc5 26. Qc3+ Kg8 27. Rd1 Rxe3 28. Qxe3 Be6 29. Qd4 Qxd4 30. Rxd4 Rd8 31. c5 d5 32. f4 Kf8 33. Kf2 Ke7 34. b4 axb4 35. Rxb4 Rd7 36.
Ke3 d4+ 37. Rxd4 Rc7 38. Rb4 Rxc5 39. Rxb7+ Kf6 40. a4 Rc3+ 41. Kd4 Ra3 42. Bb5 h5 43.
Ra7 Kf5 44. Be8 Kxf4 45. Bxf7 Bf5 46. Bd5 Rd3+ 47. Kc5 Ra3 48. a5 Ra1 49. a6 Bd3 50. Bb7 Kg3 51. Ra8 Bxa6 52. Bxa6 g5 53. Bb7 Rxa8 54. Bxa8 g4 55. hxg4 Kxg4 56. Kd4 Kg3 57. Ke3 h4 58. Ke2 h3 59. gxh3 Kxh3 1/2-1/2

[Event "Late-Titled-Tuesday-Blitz-February-20-2024"]
[Site "Chess.com"]
[Date "2024.02.20"]
[Round "11"]
[White "Happy1712Drummer"]
[Black "otrov-11"]
[Result "0-1"]
[WhiteElo "2384"]
[BlackElo "2613"]
[TimeControl "180+1"]
[EndTime "16:05:18 PST"]
[Termination "otrov-11 won on time"]

1. e4 e6 2. d4 d5 3. e5 c5 4. c3 Qb6 5. Nf3 Nc6 6. a3 c4 7. Nbd2 Na5 8. Be2 Bd7 9. Rb1 Ne7 10. h4 h6 11. h5 Nc8 12. g4 Be7 13. Nf1 Qc7 14.
Be3 Nb6 15. Ng3 O-O-O 16. O-O f6 17. Bf4 Nc6 18. Re1 fxe5 19. Nxe5 Bd6 20. Bf1 Rhf8 21. Nxd7 Rxf4 22. Nxb6+ axb6 23. Rxe6 Rdf8 24. Nf5 R4xf5 25. gxf5 Rxf5 26. Rg6 Kb8 27. Qg4 Rf4 28. Qg2 Qe7 29. Rxg7 Qh4 30. Be2 Ne7 31. Rf1 Qf6 32. Rg4 Rf5 33.
Rg7 Ka7 34. Bd1 Rf4 35. Re1 Nf5 36. Rg6 Qf8 37. Qxd5 Nh4 38. Qg8 Nxg6 39. Qxg6 Rxf2 40. Be2 Qf4 41. Qxd6 Qxd6 42. Kxf2 Qh2+ 43. Ke3 Qg3+ 44.
Kd2 b5 45. Kd1 Qe3 0-1

[Event "Late-Titled-Tuesday-Blitz-February-20-2024"]
[Site "Chess.com"]
[Date "2024.02.20"]
[Round "11"]
[White "Zavgorodniy_Sergiy"]
[Black "WPWPWP-2015"]
[Result "1-0"]
[WhiteElo "2630"]
[BlackElo "2426"]
[TimeControl "180+1"]
[EndTime "16:05:18 PST"]
[Termination "Zavgorodniy_Sergiy won by checkmate"]

1. d4 d5 2. c4 e6 3. Nf3 Nf6 4.
e3 c6 5. Nbd2 Nbd7 6. Bd3 Bd6 7.
O-O O-O 8. e4 dxe4 9. Nxe4 Nxe4 10. Bxe4 c5 11. Bc2 h6 12. b3 b6 13. Bb2 Bb7 14. Qe2 Re8 15. Rad1 Qc7 16. h3 Rad8 17. Ne5 cxd4 18. Nxd7 Rxd7 19. Rxd4 Bf8 20. Rfd1 Red8 21. Qd3 Bd6 22. Qh7+ Kf8 23. Qh8+ Ke7 24. Qxg7 Qc5 25. Rf4 Rf8 26. Bf6+ Ke8 27. Rfd4 Bc6 28. Qxh6 Rg8 29. g4 e5 30. Qh7 Rf8 31. R4d2 Bc7 32. Bf5 Rxd2 33.
Rxd2 Qb4 34. Rd1 Qc5 35. Qh4 Bd6 36. Qg3 a5 37. Qd3 Be7 38. Qd8+ Bxd8 39. Rxd8# 1-0

[Event "Late-Titled-Tuesday-Blitz-February-20-2024"]
[Site "Chess.com"]
[Date "2024.02.20"]
[Round "11"]
[White "Rud_Makarian"]
[Black "vi_pranav"]
[Result "1-0"]
[WhiteElo "3083"]
[BlackElo "3016"]
[TimeControl "180+1"]
[EndTime "16:05:21 PST"]
[Termination "Rud_Makarian won on time"]

1. d4 Nf6 2. c4 e6 3. Nf3 b6 4. g3 Ba6 5. b3 d5 6. Bg2 dxc4 7.
bxc4 Bxc4 8. O-O Bd5 9. Nc3 Be7 10. Nxd5 exd5 11. Qa4+ Qd7 12. Qb3 O-O 13. Bf4 c6 14. Rac1 h6 15. Bxb8 Raxb8 16. Ne5 Qe6 17. Rxc6 Qf5 18.
Bxd5 Nxd5 19. Qxd5 Rbd8 20. Qf3 Qh3 21. e3 Bd6 22.
Nd3 Qe6 23. Rc2 g6 24. Kg2 h5 25. h4 Rfe8 26. Rfc1 b5 27. Nf4 Bxf4 28. Qxf4 a5 29.
Rc5 Qxa2 30. Rxb5 Ra8 31. g4 hxg4 32. h5 Re6 33. Rh1 Qe2 34. hxg6 Rxg6 35. Rb8+ Kg7 36.
Rxa8 g3 37. Qe5+ Rf6 38. Rg8+ 1-0

[Event "Late-Titled-Tuesday-Blitz-February-20-2024"]
[Site "Chess.com"]
[Date "2024.02.20"]
[Round "11"]
[White "MAGMAchess02"]
[Black "jaskol95"]
[Result "1-0"]
[WhiteElo "2285"]
[BlackElo "2560"]
[TimeControl "180+1"]
[EndTime "16:05:25 PST"]
[Termination "MAGMAchess02 won on time"]

1. e4 d5 2. exd5 Nf6 3. Nf3 Bg4 4. d4 Nxd5 5. Be2 e6 6. O-O c6 7. c4 Nf6 8. Nc3 Be7 9. h3 Bh5 10. Be3 Nbd7 11. Ne5 Bxe2 12. Qxe2 O-O 13. Rad1 Qa5 14. Bg5 Rad8 15. Ne4 Nxe5 16. dxe5 Rxd1 17. Rxd1 Qxe5 18. Nxf6+ Bxf6 19. Qxe5 Bxe5 20. Rd7 Bxb2 21. Rxb7 Bd4 22. Be7 Re8 23. c5 a5 24. Rc7 h6 25. Bd6 Rb8 26. Rxc6 Rb1+ 27. Kh2 Bxf2 28. Rc8+ Kh7 29. c6 h5 30. c7 Rc1 31. Rd8 h4 32. c8=Q Bg1+ 33. Kh1 Bc5+ 34. Kh2 Bxd6+ 35. g3 hxg3+ 36. Kg2 Rxc8 37.
Rxc8 Kg6 38. Rc6 Be5 39. Ra6 f5 40. Rxa5 Kf6 41. Rb5 Bc7 42. a4 f4 43. Rb7 1-0

[Event "Late-Titled-Tuesday-Blitz-February-20-2024"]
[Site "Chess.com"]
[Date "2024.02.20"]
[Round "11"]
[White "GnowReopard"]
[Black "jcibarra"]
[Result "0-1"]
[WhiteElo "2822"]
[BlackElo "2938"]
[TimeControl "180+1"]
[EndTime "16:05:26 PST"]
[Termination "jcibarra won on time"]

1. e4 c5 2. Ne2 Nf6 3. Nbc3 d6 4. d4 cxd4 5. Nxd4 a6 6. Nb3 Nc6 7. Be3 Ng4 8. Bd2 g6 9. Be2 Nf6 10. Be3 Bg7 11. g4 Be6 12. h4 d5 13. h5 Nxe4 14.
Nxe4 dxe4 15. c3 O-O 16. Nc5 Qxd1+ 17. Rxd1 Bxa2 18. Nxe4 Rfd8 19. Bb6 Rxd1+ 20. Bxd1 Bd5 21. Bf3 e6 22. Nd2 Ne5 23. Bxd5 exd5 24. hxg6 hxg6 25. O-O Nxg4 26. Re1 Ne5 27. Re2 Rc8 28. Nb3 Nc4 29.
Bd4 a5 30. Bxg7 Kxg7 31. Nd4 a4 32. Kg2 Nd6 33. Re5 Nc4 34. Rxd5 Nxb2 35. Rb5 a3 36.
Rxb7 Rxc3 37. Ne6+ Kf6 38. Nd8 Rc4 39. Rxf7+ Ke5 40. Re7+ Kd6 0-1

[Event "Late-Titled-Tuesday-Blitz-February-20-2024"]
[Site "Chess.com"]
[Date "2024.02.20"]
[Round "11"]
[White "SocoLoco"]
[Black "Bkmzzzzz"]
[Result "1-0"]
[WhiteElo "2218"]
[BlackElo "2356"]
[TimeControl "180+1"]
[EndTime "16:05:27 PST"]
[Termination "SocoLoco won by resignation"]

1. e4 d6 2. d4 Nf6 3. Nc3 e5 4.
dxe5 dxe5 5. Qxd8+ Kxd8 6. f4 exf4 7. Bxf4 Bb4 8. O-O-O+ Bd7 9. Bg5 Bxc3 10. bxc3 h6 11. Bxf6+ gxf6 12. Nf3 Ke7 13. Bc4 Be6 14. Bb3 a5 15. a4 Nd7 16. Nd4 Nc5 17. Rhe1 Nxb3+ 18.
cxb3 c6 19. Kc2 Kd7 20. Nf5+ Kc7 21. Rf1 Rag8 22. g3 h5 23. Nh4 Rh6 24. Rd2 Bh3 25. Rf4 Re8 26. Rdf2 Re6 27. Kd3 Kd7 28. Nf5 Bxf5 29.
exf5 Re5 30. Rh4 Kd6 31. g4 Re8 32. Rxh5 Rxh5 33. gxh5 Rh8 34. Rf3 Rxh5 35. h3 Ke5 36.
Kc4 b6 37. b4 Rxf5 38. Rxf5+ Kxf5 39. bxa5 bxa5 40. Kc5 Kg5 41. Kxc6 f5 42. Kd5 f6 43. c4 Kh4 44. c5 f4 45. c6 Kg3 46.
c7 f3 47. c8=Q f2 48. Qg4+ Kh2 49. Qf4+ Kg1 50. Qxf6 f1=Q 51. Qxf1+ Kxf1 52. h4 1-0

[Event "Late-Titled-Tuesday-Blitz-February-20-2024"]
[Site "Chess.com"]
[Date "2024.02.20"]
[Round "11"]
[White "babero_gordo"]
[Black "STAYFlow"]
[Result "0-1"]
[WhiteElo "2185"]
[BlackElo "2369"]
[TimeControl "180+1"]
[EndTime "16:05:29 PST"]
[Termination "STAYFlow won by resignation"]

1. e4 c5 2. d4 cxd4 3. c3 dxc3 4. Nxc3 e6 5. Nf3 Nc6 6. Bc4 a6 7. O-O b5 8. Bb3 Bb7 9. Re1 Nge7 10. Bg5 f6 11.
Be3 Na5 12. Bc2 Ng6 13. Nd5 Nc4 14. Bd4 exd5 15. exd5+ Kf7 16. Qd3 Bb4 17. Re4 Re8 18. Rg4 Qe7 19. Rxg6 hxg6 20. Qxg6+ Kf8 21. Qh5 Qf7 22. Bg6 Qxd5 23. Bxe8 Rxe8 24. Qh8+ Kf7 25. Qh3 Re4 26. a3 Bf8 27. Rd1 Qe6 28. Qh5+ Kg8 29.
Bc3 d5 30. h3 Qf7 31. Qf5 Nd6 32. Ng5 Nxf5 33. Nxf7 Kxf7 34. g4 Nh4 35. Kh2 d4 36. Kg3 dxc3 37. Kxh4 cxb2 38. Rb1 Re2 39. Kg3 Bxa3 40.
f4 Be4 41. Rg1 Bc5 42. Rb1 Bxb1 43. Kf3 Rc2 44. f5 Ba2 45. g5 Bc4 46. g6+ Ke7 47.
h4 b1=Q 48. h5 Qb3+ 49. Kg4 a5 50. h6 gxh6 51. g7 Bg8 52. Kh5 a4 53. Kg6 a3 54.
Kxh6 a2 55. Kg6 a1=Q 56. Kh6 Qa8 57. Kg6 Qc4 58. Kh6 b4 59. Kg6 b3 60. Kh6 b2 61.
Kg6 b1=Q 0-1

[Event "Late-Titled-Tuesday-Blitz-February-20-2024"]
[Site "Chess.com"]
[Date "2024.02.20"]
[Round "11"]
[White "emeli_chess"]
[Black "LeninGuerra"]
[Result "0-1"]
[WhiteElo "2419"]
[BlackElo "2581"]
[TimeControl "180+1"]
[EndTime "16:05:31 PST"]
[Termination "LeninGuerra won on time"]

1. d4 Nf6 2. c4 c5 3. d5 b5 4. cxb5 a6 5. b6 d6 6. Nc3 g6 7. a4 Qxb6 8. a5 Qc7 9. e4 Bg7 10.
Nf3 O-O 11. Be2 Nbd7 12. O-O Rb8 13. Re1 Rb4 14. Nd2 Qb8 15. Ra4 Ne8 16. Nc4 Nc7 17. Bd2 Ne5 18. Nb6 Rxb2 19. Ra3 Nd7 20. Nca4 Nb5 21.
Nxb2 Nxa3 22. Qb3 Nxb6 23. axb6 Nb5 24. Nc4 Nd4 25. Qa4 Rd8 26. Bd3 Qb7 27. Rb1 Bd7 28. Qa3 Bb5 29. Ba5 Rb8 30. Ne3 Qd7 31. Bc4 h5 32. h3 Bh6 33. Qd3 Bxc4 34. Nxc4 Qa4 35. b7 Qd7 36. e5 Rxb7 37. Re1 dxe5 38. Nxe5 Qxd5 39. Nxg6 Rb3 0-1

[Event "Late-Titled-Tuesday-Blitz-February-20-2024"]
[Site "Chess.com"]
[Date "2024.02.20"]
[Round "11"]
[White "Ze-Pequeno"]
[Black "Vasily85"]
[Result "0-1"]
[WhiteElo "2271"]
[BlackElo "2473"]
[TimeControl "180+1"]
[EndTime "16:05:32 PST"]
[Termination "Vasily85 won on time"]

1. e4 c6 2. d4 d5 3. e5 Bf5 4. h4 h6 5. g4 Bh7 6. e6 fxe6 7. Bd3 Bxd3 8. Qxd3 Kd7 9. Nf3 Kc8 10.
Ne5 Qe8 11. Nd2 Nf6 12. Ndf3 Nbd7 13. Bf4 Rg8 14. h5 Nxe5 15. Nxe5 Nd7 16. Ng6 e5 17. Bxe5 e6 18. O-O-O Be7 19. Rhe1 Qf7 20. Bg3 Re8 21. Kb1 Nf6 22. Ne5 Qf8 23. f3 Nd7 24. Ng6 Qf7 25.
c4 Bf6 26. Re2 Nf8 27. Ne5 Bxe5 28. Bxe5 Nd7 29. Bd6 dxc4 30. Qxc4 Nb6 31. Qb3 Nd5 32.
Rde1 b6 33. Qc4 Kd7 34. Bh2 Rac8 35. f4 Nxf4 36. Rf2 g5 37. hxg6 Qxg6+ 38. Ka1 Nd3 39. Qc2 Rg8 0-1

[Event "Late-Titled-Tuesday-Blitz-February-20-2024"]
[Site "Chess.com"]
[Date "2024.02.20"]
[Round "11"]
[White "Viktor_Poddubnyi"]
[Black "morte-negra"]
[Result "0-1"]
[WhiteElo "2215"]
[BlackElo "2023"]
[TimeControl "180+1"]
[EndTime "16:05:34 PST"]
[Termination "morte-negra won on time"]

1. e4 c5 2. Nf3 d6 3. d4 cxd4 4. Nxd4 Nf6 5. Nc3 a6 6. Bg5 Nbd7 7. Qd2 b5 8. a3 Bb7 9. f3 e6 10. O-O-O Qc7 11. g4 Rc8 12. h4 Be7 13. h5 h6 14. Be3 Ne5 15. Kb1 Nfd7 16. f4 Nc4 17. Bxc4 bxc4 18. g5 Nc5 19. Qg2 hxg5 20. fxg5 Rb8 21.
h6 g6 22. Rhf1 Bf8 23. Qf3 Rh7 24. Ka1 Ba8 25. Bc1 Be7 26. Qe2 Qb6 27. Rg1 e5 28. Nf3 a5 29. Qxc4 Bb7 30. Nd5 Bxd5 31. Qxd5 Na4 32.
Qa2 d5 33. exd5 e4 34. Nd4 Bc5 35. c3 Bxd4 36. Rxd4 Nc5 37. Rf1 Nb3+ 38. Kb1 Nxd4 39. cxd4 Qxd4 40. Ka1 Qd3 0-1

[Event "Late-Titled-Tuesday-Blitz-February-20-2024"]
[Site "Chess.com"]
[Date "2024.02.20"]
[Round "11"]
[White "Tunahan_Makaraci"]
[Black "manitodeplomo"]
[Result "1-0"]
[WhiteElo "2549"]
[BlackElo "2650"]
[TimeControl "180+1"]
[EndTime "16:05:35 PST"]
[Termination "Tunahan_Makaraci won by checkmate"]

1. e4 c5 2. Nf3 e6 3. c3 d5 4.
exd5 Qxd5 5. d4 Nf6 6. a3 Be7 7. Be3 cxd4 8. cxd4 O-O 9. Nc3 Qd6 10. Bd3 a6 11. O-O Rd8 12. Qe2 b5 13. Rad1 Bb7 14. Rfe1 Nbd7 15. Bb1 Rac8 16. Bg5 Nb6 17. Ne5 Nc4 18.
Bxf6 Bxf6 19. Bxh7+ Kf8 20. Qh5 Bxe5 21. dxe5 Qc7 22. Bb1 Nxb2 23. Rxd8+ Rxd8 24. Ne4 Bxe4 25. Bxe4 Qc3 26. Rb1 Rd4 27. Bf3 Nc4 28. Qh8+ Ke7 29. Qxg7 Nxe5 30. Qg5+ Kd7 31. Qxe5 Rd3 32. Qxc3 Rxc3 33.
h4 Rxa3 34. h5 Ke7 35. Rc1 b4 36. Rc7+ Kf6 37. g4 a5 38. Kg2 b3 39. Be4 Ra4 40. h6 Rxe4 41. h7 Kg7 42. Rxf7+ Kh8 43. f3 Rb4 44. g5 b2 45. g6 Rb8 46. g7+ Kxh7 47. Rf8 b1=Q 48. g8=Q+ Kh6 49. Rf6+ Kh5 50. Qg4# 1-0

[Event "Late-Titled-Tuesday-Blitz-February-20-2024"]
[Site "Chess.com"]
[Date "2024.02.20"]
[Round "11"]
[White "dolynachess"]
[Black "kleopl"]
[Result "1-0"]
[WhiteElo "2459"]
[BlackElo "2504"]
[TimeControl "180+1"]
[EndTime "16:05:35 PST"]
[Termination "dolynachess won on time"]

1. d4 Nf6 2. c4 e6 3. Nf3 c5 4. g3 cxd4 5. Nxd4 Nc6 6. Bg2 Qb6 7. Nc2 Bc5 8. O-O O-O 9. Nc3 Be7 10. b3 d5 11. cxd5 exd5 12. Be3 Qa6 13. Nd4 Be6 14. Rc1 Ba3 15. Nxc6 bxc6 16. Rc2 Bf5 17. Rd2 Bb4 18. Bd4 Qa5 19. Bxf6 gxf6 20. Nxd5 Bxd2 21. Ne7+ Kh8 22. Nxf5 Rad8 23. Qb1 Rfe8 24. e3 Re5 25. Nd4 Rxd4 26. exd4 Re6 27. Qc2 Qc3 28. Qxc3 Bxc3 29. Rd1 Rd6 30. Rd3 Bxd4 31. Kf1 c5 32. Be4 Kg7 33.
Ke2 Re6 34. Kf3 Re5 35. Bc6 Rf5+ 36. Kg4 Rxf2 37. b4 Rxa2 38. bxc5 Bxc5 39. h4 Rc2 40. Be4 Rc4 41. Kf3 a5 42. Rd7 Rc3+ 43. Kg2 Re3 44. Bd5 Be7 45. Ra7 Re5 46. Bb3 1-0

[Event "Late-Titled-Tuesday-Blitz-February-20-2024"]
[Site "Chess.com"]
[Date "2024.02.20"]
[Round "11"]
[White "TheMagician"]
[Black "rachidhuilda"]
[Result "1/2-1/2"]
[WhiteElo "2204"]
[BlackElo "2321"]
[TimeControl "180+1"]
[EndTime "16:05:37 PST"]
[Termination "Game drawn by repetition"]

1. e4 c6 2. d4 d5 3. Nc3 dxe4 4.
Nxe4 Nf6 5. Nxf6+ exf6 6. Bc4 Bd6 7. Nf3 O-O 8. O-O Bg4 9. h3 Bh5 10. Bd3 Nd7 11. Bd2 Re8 12. a3 Nf8 13. Bb4 Ne6 14.
g4 Bg6 15. Bxg6 hxg6 16. Bd2 Bf4 17. Be3 Qd6 18. Kg2 Rad8 19. c4 Qc7 20. b4 b6 21. Re1 Ng5 22. Nxg5 fxg5 23. Bxf4 Qxf4 24. Rxe8+ Rxe8 25. Qf3 Qxd4 26. Qxc6 Re2 27. Rf1 Ra2 28. Qa8+ Kh7 29. Qf3 Qxc4 30. Rh1 Qe2 31. Qxe2 Rxe2 32.
Rd1 Ra2 33. Rd7 Rxa3 34. Rxf7 a5 35. bxa5 bxa5 36. Rf8 a4 37. Ra8 Ra2 38. Kg3 Ra3+ 39.
Kg2 Ra2 40. Kg1 Ra3 41. Kh2 Ra2 42. Kg3 Ra3+ 43. f3 Ra2 44. Ra7 Ra3 45. Ra8 Ra2 46. h4 gxh4+ 47. Kxh4 Ra3 48. f4 Ra2 49. Kg5 Ra1 50. Ra7 Ra2 51. Ra8 Ra1 52. Ra7 Ra2 53. Ra8 1/2-1/2